Map: Alcyone LE

Players

A.I. 1 (Very Easy)

  • Race: Protoss Protoss
  • Spawn Location: 1:00

BuRny - Winner!

  • Race: Terran Terran
  • League: Diamond
  • Spawn Location: 7:00

VOD

Have the link to the VOD?

Description

Time

  • Played on: Jan. 29, 2024, 9:02 a.m.
  • Length: 11:15
Show
View Real Time Build Order
Export as new Build Order

A.I. 1 (Very Easy) Protoss 

Build Orders:  

Get SALT Encoding   

  12  0:00  Probe  
  13  0:13  Probe  
  14  0:19  Pylon  
  14  0:37  Assimilator  
  14  0:42  Gateway  
  14  0:45  Pylon  
  14  1:13  Assimilator  
  14  1:22  Probe  
  14  1:29  Zealot  
  14  1:30  Probe  
  14  1:32  Cybernetics Core  
  17  1:38  Probe  
  19  1:49  Probe  
  20  1:58  Warp Gate  
  20  1:59  Probe  
  21  2:07  Probe  
  22  2:45  Stalker  
  24  4:58  Probe  
  24  5:02  Stalker  
  24  5:06  Probe  
  23  5:16  Probe  
  24  6:08  Probe  
  20  6:16  Probe  
  15  6:18  Stalker  
  15  6:25  Probe  
  2  6:34  Probe  
  2  6:47  Stalker, Probe  
  3  6:59  Probe  
  1  7:11  Probe  
  2  7:15  Zealot  
  2  7:19  Probe  
  3  7:27  Probe  
  2  7:37  Probe  
  2  7:44  Zealot  
  2  7:49  Probe  
  3  8:01  Probe  
  3  8:13  Probe  
  4  8:22  Probe  
  4  8:30  Robotics Facility, Probe  
  4  8:34  Pylon  
  4  8:40  Probe  
  4  8:44  Adept  
  6  8:52  Probe  
  6  9:04  Probe  
  5  9:16  Probe  
  6  9:17  Observer  
  7  9:25  Probe  
  4  9:33  Probe  
  3  9:39  Observer  
  3  9:42  Probe  
  3  9:44  Stalker  
  6  9:54  Probe  
  6  10:07  Probe  
  7  10:19  Probe  
  5  10:28  Probe  
  6  10:36  Probe  
  7  10:44  Zealot  
  7  10:45  Probe  
  10  10:54  Observer  
  8  10:57  Probe  
Show
View Real Time Build Order
Export as new Build Order

BuRny Terran - Winner!

Build Orders: Reaper Expand 

Get SALT Encoding   

  12  0:00  SCV  
  13  0:12  SCV  
  14  0:17  Supply Depot  
  14  0:24  SCV  
  15  0:38  SCV  
  15  0:40  Barracks  
  16  0:43  Refinery  
  16  0:50  SCV  
  17  1:03  SCV  
  18  1:15  SCV  
  19  1:27  Orbital Command, Reaper  
  20  1:40  Command Center  
  20  1:49  Supply Depot  
  20  1:52  SCV  
  21  1:59  Marine  
  22  2:05  SCV  
  23  2:09  Factory  
  23  2:18  Bunker, SCV  
  24  2:25  Barracks Reactor, Refinery  
  24  2:31  SCV  
  25  2:43  SCV  
  26  2:52  Widow Mine  
  26  2:54  Orbital Command  
  26  2:55  SCV  
  29  3:01  Starport  
  29  3:04  Marine  
  30  3:06  Marine  
  30  3:07  SCV  
  32  3:14  Widow Mine  
  32  3:18  Supply Depot  
  32  3:19  SCV  
  35  3:20  SCV  
  35  3:23  Marine  
  35  3:25  Marine  
  38  3:31  SCV  
  38  3:32  SCV  
  40  3:35  Factory Tech Lab  
  40  3:41  Supply Depot  
  40  3:42  Medivac  
  40  3:43  SCV, Marine x2  
  40  3:44  SCV  
  46  3:53  Siege Tank  
  50  3:55  SCV  
  50  3:56  SCV  
  51  4:03  Marine x2  
  51  4:05  Supply Depot  
  51  4:07  SCV  
  51  4:08  SCV  
  55  4:19  SCV  
  55  4:20  SCV  
  55  4:22  Marine x2  
  59  4:25  Siege Tank  
  62  4:32  Command Center, SCV x2  
  62  4:37  Supply Depot  
  64  4:39  Supply Depot  
  64  4:40  Marine x2  
  64  4:41  Liberator  
  64  4:44  SCV  
  70  4:50  Barracks  
  70  4:58  Marine x2  
  70  4:59  SCV x2  
  74  5:11  SCV x2  
  76  5:18  Refinery  
  76  5:19  Refinery  
  76  5:21  Siege Tank  
  76  5:22  Barracks  
  76  5:23  SCV x2  
  76  5:25  Starport Tech Lab  
  81  5:35  SCV x2  
  83  5:38  Supply Depot, Marine x2  
  83  5:39  Supply Depot  
  85  5:43  Supply Depot  
  85  5:47  SCV x2  
  85  5:48  Stimpack  
  85  5:49  Engineering Bay x2  
  87  5:53  Starport Reactor  
  87  5:54  Orbital Command  
  87  5:59  SCV x2  
  89  6:06  Marine x2, Marauder, Factory Reactor  
  93  6:11  SCV x2  
  93  6:16  Orbital Command  
  93  6:17  Combat Shield, Marauder  
  97  6:23  SCV x2  
  97  6:25  Supply Depot  
  99  6:26  Terran Infantry Weapons Level 1, Terran Infantry Armor Level 1  
  99  6:32  Marine  
  99  6:33  Marauder, Marine  
  99  6:35  SCV  
  99  6:36  Medivac  
  99  6:39  Marauder  
  108  6:42  SCV x2  
  110  6:48  SCV  
  110  6:49  Supply Depot  
  110  6:50  Supply Depot  
  110  6:51  Medivac, Widow Mine x2  
  110  6:53  Marine x2  
  119  6:54  Marauder, SCV x2  
  119  7:00  Marauder, SCV  
  123  7:06  SCV x2  
  123  7:07  Refinery  
  125  7:12  SCV  
  125  7:13  Supply Depot  
  125  7:14  Supply Depot  
  128  7:16  Marauder  
  128  7:17  Barracks  
  128  7:18  Barracks, SCV  
  128  7:21  Armory  
  129  7:28  Concussive Shells  
  129  7:32  SCV  
  129  7:35  Marine  
  129  7:36  Command Center, Marauder, Marine  
  136  7:37  Marauder  
  136  7:38  Missile Turret  
  136  7:40  Widow Mine x2  
  136  7:41  Medivac x2  
  144  7:51  SCV x2  
  146  7:52  SCV  
  146  7:55  Refinery  
  146  7:57  Marauder  
  149  8:03  SCV  
  149  8:04  Supply Depot x2  
  150  8:05  Supply Depot  
  150  8:08  Terran Ship Weapons Level 1  
  150  8:12  Barracks Tech Lab x2, Marauder  
  152  8:13  Marine x2  
  152  8:17  Medivac  
  152  8:18  Marauder, Widow Mine x2  
  152  8:19  Medivac  
  164  8:24  Terran Infantry Weapons Level 2  
  164  8:31  Terran Infantry Armor Level 2, Marine x4  
  164  8:32  Marine  
  169  8:45  Marauder  
  169  8:47  Widow Mine x2  
  175  8:54  Ghost Academy  
  175  8:55  Fusion Core  
  175  8:59  Barracks  
  175  9:00  Barracks  
  175  9:02  Barracks  
  175  9:05  Missile Turret  
  175  9:09  Missile Turret x2  
  175  9:10  Missile Turret  
  175  9:13  Marauder x4, Marine x2  
  175  9:14  Medivac x2, Widow Mine x2  
  193  9:31  Command Center, Marine  
  200  9:45  Advanced Ballistics  
  200  10:03  Unknown x3  
  200  10:04  Missile Turret  
  200  10:06  Unknown  
  196  10:09  Barracks Tech Lab  
  196  10:10  Barracks Reactor, Barracks Tech Lab  
  196  10:16  Marauder x2  
  200  10:43  Missile Turret  
  200  10:48  Command Center x2  
  200  10:55  Command Center  
Tags
 
League
Diamond
Matchup
PvT
Spawn Locations
Cross Positions
Add a new tag
Caveats
  • Supply blocks, unpowered buildings, or Contaminate may cause inaccurate times.
  • Supply counts are checked every 10 seconds.